AoeStats
← Forza Juve

Highland

505304472Analyzed
2v2 RM · 24d ago on Sep 8, 2026· 37m 12s· 4 players
Game mode
Random Map
Map size
Medium (4 player)
Population
200
Speed
Normal
Resources
Standard
Victory
Conquest
Starting age
Dark Age
Ending age
Imperial Age
RankedLock teamsTeams togetherTeam positionsShared explorationLock speedFull tech treeHidden civsTurbo modeCheats
Victory
Defeat
🇲🇽 Armenians · Mexico
1081
+11
🇺🇸 Portuguese · United States
1017
+13
🇸🇪 Mongols · Sweden
1018
-14
🇸🇪 Franks · Sweden
894
-10
shortsnorter
7:53 Loom
11:12 Feudal Age
15:05 Castle Age
29:02 Imperial Age
DrJorgexx
8:51 Loom
12:14 Feudal Age
14:49 Double-Bit Axe
14:53 Fishing Lines
18:06 Castle Age
17:12 Gold Mining
17:15 Stone Mining
17:24 Horse Collar
19:29 Medium Warships
19:14 Fletching
19:25 Padded Archer Armor
22:13 Wheelbarrow
21:25 Town Watch
21:38 Bodkin Arrow
22:48 Bow Saw
24:24 Town Patrol
25:15 Heavy Plow
24:51 Man-at-Arms
26:29 Gambesons
26:51 Long Swordsman
27:33 Squires
27:20 Arson
27:38 Scale Mail Armor
28:57 Gold Shaft Mining
29:20 Chain Mail Armor
29:16 Forging
28:27 Two-Handed Swordsman
32:31 Imperial Age
31:19 Iron Casting
32:00 Hand Cart
33:36 Leather Archer Armor
33:21 Bracer
34:24 Chemistry
34:12 Conscription
35:06 Fereters
35:37 Plate Mail Armor
35:51 Champion
38:05 Blast Furnace
philipbacklund92
0:29 Loom
10:14 Feudal Age
16:53 Town Watch
19:31 Castle Age
17:21 Double-Bit Axe
17:29 Gold Mining
17:22 Horse Collar
17:37 Fletching
17:48 Padded Archer Armor
23:16 Bodkin Arrow
24:30 Bow Saw
26:00 Leather Archer Armor
27:39 Ballistics
33:46 Gold Shaft Mining
37:34 Imperial Age
35:49 Wheelbarrow
36:46 Hand Cart
Forza Juve
0:29 Loom
11:13 Feudal Age
11:39 Double-Bit Axe
12:58 Wheelbarrow
21:12 Castle Age
22:09 Light Cavalry
33:04 Hand Cart
40:11 Imperial Age
Connection lost

Rejoining the realm…

Still unreachable

The connection could not be restored.

Session expired

The server has moved on; the page needs a fresh start.